Map: Last Fantasy LE

Players

Daryl

  • Race: Protoss Protoss
  • League: Master
  • Spawn Location: 12:00

MonstR - Winner!

  • Race: Terran Terran
  • League: Grandmaster
  • Spawn Location: 3:00

VOD

Have the link to the VOD?

Description

Time

  • Played on: Sept. 9, 2025, 5:55 p.m.
  • Length: 8:02
Show
View Real Time Build Order
Export as new Build Order

Daryl Protoss 

Build Orders: 1 Gate Expand, Blink Stalkers 

Get SALT Encoding   

  12  0:00  Probe  
  13  0:12  Probe  
  14  0:18  Pylon  
  14  0:25  Probe  
  15  0:34  Probe  
  15  0:36  Gateway  
  16  0:44  Probe  
  16  0:49  Assimilator  
  17  0:55  Probe  
  18  1:07  Probe  
  19  1:19  Probe  
  20  1:27  Cybernetics Core  
  20  1:34  Nexus  
  20  1:42  Pylon  
  20  1:45  Probe  
  21  1:53  Assimilator  
  21  1:57  Probe  
  22  2:06  Twilight Council, Probe  
  22  2:14  Probe  
  24  2:24  Blink, Probe  
  24  2:26  Adept  
  27  2:36  Probe  
  28  2:44  Warp Gate  
  28  2:48  Probe x2  
  30  2:58  Shield Battery  
  30  3:00  Probe x2  
  30  3:03  Assimilator  
  32  3:12  Probe x2, Sentry  
  34  3:19  Gateway  
  36  3:24  Probe x2  
  38  3:31  Gateway  
  38  3:36  Probe x2  
  38  3:38  Pylon  
  40  3:42  Stalker  
  42  3:48  Probe x2  
  42  3:50  Pylon  
  44  3:58  Pylon  
  44  4:01  Probe  
  45  4:06  Robotics Facility  
  45  4:08  Probe  
  46  4:13  Probe  
  47  4:17  Charge  
  47  4:20  Probe  
  48  4:27  Gateway  
  48  4:30  Shield Battery  
  48  4:32  Stalker x2  
  48  4:34  Stalker  
  54  4:56  Observer  
  54  4:58  Probe, Nexus  
  54  4:59  Probe  
  57  5:04  Pylon  
  57  5:05  Stalker x2  
  61  5:08  Adept  
  63  5:25  Probe  
  63  5:26  Probe  
  65  5:32  Pylon  
  65  5:37  Probe  
  65  5:38  Probe, Observer  
  65  5:39  Gateway x2  
  68  5:45  Gateway  
  68  5:47  Gateway  
  68  5:49  Probe, Pylon  
  69  5:50  Probe  
  69  5:51  Zealot  
  72  6:01  Probe  
  72  6:02  Probe  
  74  6:04  Gateway  
  74  6:07  Gateway  
  74  6:13  Probe  
  74  6:14  Probe x2, Observer  
  74  6:15  Templar Archives  
  77  6:20  Zealot x3  
  77  6:22  Sentry  
  85  6:26  Probe  
  85  6:27  Assimilator  
  85  6:31  Assimilator  
  86  6:38  Pylon  
  85  6:40  Zealot x2  
  85  6:41  Zealot, Pylon  
  91  6:49  Stalker x3  
  97  6:58  Probe  
  97  6:59  Probe  
  89  7:19  Stalker x7  
  89  7:20  Stalker x3  
  101  7:37  Pylon  
  101  7:41  Pylon  
  101  7:43  Zealot x6  
  110  7:44  Zealot x3  
Show
View Real Time Build Order
Export as new Build Order

MonstR Terran - Winner!

Build Orders:  

Get SALT Encoding   

  12  0:00  SCV  
  13  0:12  SCV  
  14  0:17  Supply Depot  
  14  0:24  SCV  
  15  0:39  SCV  
  15  0:40  Barracks  
  16  0:44  Refinery  
  16  0:51  SCV  
  17  1:03  SCV  
  18  1:15  SCV  
  19  1:27  Barracks Reactor  
  19  1:28  Orbital Command  
  19  1:48  Command Center  
  19  1:49  Supply Depot  
  19  1:53  SCV  
  20  2:03  Marine x2  
  20  2:05  SCV  
  23  2:14  Factory  
  23  2:17  SCV  
  23  2:21  Marine x2  
  26  2:23  Refinery  
  27  2:30  SCV  
  27  2:39  Marine x2  
  27  2:41  Bunker  
  27  2:42  SCV  
  30  2:54  SCV  
  31  2:59  Starport, Factory Reactor  
  31  3:00  Marine x2  
  33  3:08  Orbital Command  
  33  3:13  SCV  
  33  3:18  Marine x2  
  36  3:25  SCV  
  37  3:27  Supply Depot  
  37  3:35  SCV  
  37  3:37  SCV  
  37  3:38  Marine x2  
  41  3:42  Medivac  
  41  3:43  Medivac  
  41  3:48  SCV  
  46  3:49  Widow Mine  
  46  3:50  SCV  
  46  3:53  Supply Depot  
  49  3:57  Marine x2  
  52  4:02  SCV  
  52  4:03  SCV  
  52  4:06  Fusion Core  
  53  4:19  Supply Depot  
  53  4:24  SCV x2  
  55  4:26  Refinery x2  
  55  4:29  Factory Tech Lab, Marine x2  
  57  4:34  Barracks  
  57  4:35  Starport Tech Lab  
  58  4:38  SCV x2  
  59  4:49  Supply Depot  
  59  4:50  SCV x2  
  61  4:59  Battlecruiser  
  66  5:19  Marine  
  66  5:20  Marine, Siege Tank  
  69  5:21  Marine x2  
  69  5:25  Supply Depot  
  69  5:26  Supply Depot  
  71  5:37  Marine x2  
  71  5:39  Marine  
  71  5:41  SCV x2  
  76  5:44  Supply Depot  
  76  5:52  Siege Tank  
  76  5:55  Marine x3  
  82  6:04  Battlecruiser  
  88  6:13  Marine x2  
  88  6:14  Marine  
  88  6:16  Marine  
  92  6:24  Siege Tank  
  95  6:36  Marine x4  
  99  6:57  Siege Tank  
  99  7:00  Marine x2  
  104  7:01  Marine x2  
  106  7:18  Marine  
  106  7:22  Marine x3  
  109  7:49  Supply Depot x2  
  109  7:50  Supply Depot  
Tags
 
Add a new tag
Caveats
  • Supply blocks, unpowered buildings, or Contaminate may cause inaccurate times.
  • Supply counts are checked every 10 seconds.